 Dungeon Crawl Stone Soup version 0.19.3-1-g3169bf9 (console) character file.

119 Lahna the Twirler (level 4, -3/42 HPs)
             Began as a Minotaur Gladiator on Jan 23, 2017.
             Slain by a gnoll
             ... wielding a +0 halberd of venom
              (15 damage)
             ... on level 3 of the Dungeon.
             The game lasted 00:04:16 (1436 turns).

Lahna the Twirler (Minotaur Gladiator)              Turns: 1436, Time: 00:04:17

Health: -3/42      AC:  4    Str: 19    XL:     4   Next: 73%
Magic:  3/3        EV: 13    Int:  5    God:
Gold:   147        SH:  0    Dex: 12    Spells: 0 memorised, 3 levels left

rFire  . . .     SeeInvis .     a - +0 quarterstaff
rCold  . . .     Gourm    +     b - +0 leather armour
rNeg   . . .     Faith    .     (shield currently unavailable)
rPois  .         Spirit   .     c - +0 hat
rElec  .         Reflect  .     (no cloak)
rCorr  .         Harm     .     s - +0 pair of gloves
MR     .....                    (no boots)
Stlth  ++........               m - amulet of the gourmand
                                (no ring)
                                g - ring of stealth

@: no status effects
A: retaliatory headbutt, horns 2
a: no special abilities


You were on level 3 of the Dungeon.
You were very full.

You visited 1 branch of the dungeon, and saw 3 of its levels.

You collected 147 gold pieces.

Inventory:

Hand Weapons
 a - a +0 quarterstaff (weapon)
Missiles
 d - a throwing net (quivered)
Armour
 b - a +0 leather armour (worn)
 c - a +0 hat (worn)
 s - a +0 pair of gloves (worn)
Jewellery
 g - a ring of stealth (left hand)
 m - an amulet of the gourmand (around neck)
Scrolls
 h - 3 scrolls of amnesia {unknown}
 i - a scroll of enchant weapon {unknown}
 l - 7 scrolls of identify {unknown}
 n - a scroll of immolation {unknown}
 q - a scroll of enchant armour {unknown}
 r - a scroll of remove curse {unknown}
 t - a scroll of random uselessness {unknown}
 w - a scroll of teleportation {unknown}
Potions
 e - 3 potions of curing
 k - a potion of heal wounds {unknown}
 o - a potion of degeneration {unknown}
 p - a potion of brilliance {unknown}
 u - a potion of lignification {unknown}
 v - 2 potions of berserk rage {unknown}
Comestibles
 f - a bread ration
 j - a meat ration


   Skills:
 - Level 5.0 Fighting
 - Level 5.0 Staves
 - Level 2.0 Throwing
 + Level 3.2 Dodging


You had 3 spell levels left.
You didn't know any spells.

Dungeon Overview and Level Annotations

Branches:
Dungeon (3/15)

Altars:


Innate Abilities, Weirdness & Mutations

You reflexively headbutt those who attack you in melee.
You have a pair of horns on your head.


Message History

You throw a throwing net. The throwing net hits the gnoll.
The gnoll is caught in the net!
The gnoll struggles against the net.
The gnoll struggles against the net.
You see here a thick runed staff.
You barely miss the gnoll.
The gnoll struggles against the net.
The gnoll closely misses you.
You sock the gnoll!
The gnoll is heavily wounded.
The gnoll struggles against the net.
You sock the gnoll!
You kill the gnoll!
Your Fighting skill increases to level 5!
The gnoll barely misses you. The gnoll misses you. You furiously retaliate!
You headbutt the gnoll.
Things that are here:
a spear; a dagger; a robe You barely miss the gnoll.
The gnoll is lightly wounded.
The gnoll hits you with a halberd of venom!
You die...

░....░░...░.░░░░ ....<
░.........░... .... ░...<....░░
... .░ ..░g ░░░......░ ...
....░░░░.░g ░......░ ░░░
.........░(
░......░░░░░░░░░░░░░░░░░░░†.░.
░.............................
░░░░░░░░....g░░░░░░░░░░░░▒.... ░
░░....░░.░░@|..░░░░░.░░░....
░...░░..░░░░...░░░░..░░...░)░....
░..........░..........░░.░▒....
░...░░░░..░░░..░░░░...░.░▒▒....
░.░░.......)░........░░.░▒ ▒░░░░
▒ ░...░░░░)..░░░░...░.░▒ ░ ░.░░
░▒.▒░ ░..░░.░▒▒▒▒▒░░ ░ ▒...▒
░░▒░.░.......░░░ ░▒.▒░
░░░░▒▒▒▒▒....


You could see a gnoll.

Vanquished Creatures
  An orc wizard (D:3)
  An adder (D:2)
  3 gnolls (D:3)
  2 worms (D:2)
  2 dart slugs (D:1)
  4 leopard geckos
  4 orcs (D:3)
  A giant cockroach (D:3)
  4 hobgoblins
  2 ball pythons
  5 bats
  A frilled lizard (D:3)
  2 goblins (D:1)
  6 kobolds
  2 rats
40 creatures vanquished.

Notes
Turn   | Place    | Note
-------+----------+-------------------------------------------
     0 | D:1      | Lahna the Minotaur Gladiator began the quest for the Orb.
     0 | D:1      | Reached XP level 1. HP: 18/18 MP: 0/0
   295 | D:1      | Reached XP level 2. HP: 25/25 MP: 1/1
   940 | D:2      | Reached skill level 5 in Staves
   976 | D:2      | Reached XP level 3. HP: 30/30 MP: 2/2
  1393 | D:3      | Reached XP level 4. HP: 28/40 MP: 3/3
  1412 | D:3      | HP: 2/40 [poisoned by a gnoll]
  1420 | D:3      | HP: 1/41 [poisoned by a gnoll]
  1434 | D:3      | Reached skill level 5 in Fighting
  1436 | D:3      | Slain by a gnoll

Skill      XL: |  1  2  3  4 |
---------------+-------------+-----
Staves         | 4 5 |  5.0
Fighting       | 4 5 |  5.0
Throwing       | |  2.0
Dodging        | |  3.2

Action                   |  1- 3 |  4- 6 || total
-------------------------+-------+-------++-------
Melee: Quarterstaff      |    79 |    10 ||    89
       Headbutt          |    12 |     2 ||    14
Throw: Throwing net      |       |     2 ||     2
  Use: Potion            |       |     1 ||     1
 Stab: Sleeping          |     5 |       ||     5
  Eat: Chunk             |    15 |       ||    15
Armor: Leather armour    |    15 |     5 ||    20
Dodge: Dodged            |    44 |    17 ||    61
